 Dungeon Sprint DCSS version 0.19.0-19-g8c6edcc (webtiles) character file.

441 poirepourri the Geomancer (level 7, -5/37 HPs)
             Began as a Gargoyle Earth Elementalist on Nov 12, 2016.
             Was an Initiate of Vehumet.
             Slain by a deep troll (16 damage)
             ... in the Dungeon (Sprint I: "Red Sonja").
             The game lasted 00:01:34 (987 turns).

poirepourri the Geomancer (GrEE)                     Turns: 987, Time: 00:01:35

Health: -5/37      AC:  6    Str: 11    XL:     7   Next: 2%
Magic:  18/18      EV: 13    Int: 18    God:    Vehumet [......]
Gold:   252        SH:  0    Dex: 10    Spells: 3 memorised, 15 levels left

rFire  . . .     SeeInvis .       - Unarmed
rCold  . . .     Gourm    .     c - +0 robe
rNeg   + . .     Faith    .     (no shield)
rPois  ∞         Spirit   .     (no helmet)
rElec  +         Reflect  .     (no cloak)
rCorr  .         Harm     .     (no gloves)
MR     .....     NoTele   +     (no boots)
Stlth  ++........               (no amulet)
                                (no ring)
                                (no ring)

@: no status effects
A: negative energy resistance 1, electricity resistance, unbreathing,
petrification resistance, rot immunity, AC +4
a: Renounce Religion


You were in the Dungeon.
You worshipped Vehumet.
Vehumet was noncommittal.
You were full.

You visited 1 branch You collected 417 gold pieces.
You spent 165 gold pieces at shops.

Inventory:

Armour
 c - a +0 robe (worn)
Scrolls
 j - a scroll of blinking
Potions
 e - a potion of curing
 g - a potion of haste
Books
 k - a book of Geomancy

   Spells                             Type                      Level
   a - Sandblast                      Earth                        1
   b - Passwall                       Transmutation/Earth          2
   c - Stone Arrow                    Conjuration/Earth            3
   d - Petrify                        Transmutation/Earth          4
   e - Lee's Rapid Deconstruction     Earth                        5
Comestibles
 a - 4 meat rations


   Skills:
 + Level 0.9 Fighting
 + Level 4.0 Dodging
 - Level 3.6 Stealth
 - Level 1.1 Unarmed Combat
 + Level 7.9 Spellcasting
 + Level 0.9 Conjurations
 + Level 1.0 Transmutations
 + Level 12.5 Earth Magic


You had 15 spell levels left.
You knew the following spells:

 Your Spells              Type           Power        Failure   Level  Hunger
a - Sandblast             Erth           ######       1%          1    None
b - Passwall              Tmut/Erth      ####......   1%          2    None
c - Stone Arrow           Conj/Erth      ####..       1%          3    #......


Dungeon Overview and Level Annotations

Branches:
Dungeon (1/1)

Altars:
Cheibriados
Dithmenos
Elyvilon
Fedhas
Gozag
Hepliaklqana
Kikubaaqudgha
Nemelex Xobeh
Okawaru
Qazlal
Ru
Sif Muna
Trog
Uskayaw
Vehumet
Yredelemnul
Zin
The Shining One

Shops:
D %(

Annotations:
D Sonja


Innate Abilities, Weirdness & Mutations

You are resistant to torment.
Your stone body is resilient. (AC +4)
You are immune to poison.
You resist negative energy. (rN+)
You are resistant to electric shocks. (rElec)
You can survive without breathing.
You are immune to petrification.
You are immune to rotting.


Message History

An arrow shoots out and misses you.
There is an arrow trap here.
There is an entrance to Taaman Xyro's Food Boutique here.
a - 2 meat rations (gained 1);
a - 3 meat rations (gained 1)
a - 4 meat rations (gained 1) Thank you for shopping at Taaman Xyro's Food Boutique!
You avoid triggering an arrow trap.
There is an arrow trap here.
There is an open door here.
You open the door.
A deep troll comes into view.
Found 108 gold pieces.
There is an open door here.
You barely miss the deep troll. The deep troll bites you!!
Ouch! That really hurt!
The deep troll misses you. The deep troll claws you.
* * * LOW HITPOINT WARNING * * *
You hit the deep troll but do no damage.
The deep troll bites you!
You die...

#..#####'#####'#
#.)####..#...#)#
#..#__####..##.#
#..#_____##'#..+
#⌠⌠#_.∩...'.(._#
####_..__##_.#'#
#_____###(#.#
############.####+###
#∩^.......'...@T$.$$+
###++++####...#######
##.## #+#


You could see a deep troll.

Vanquished Creatures
  Sigmund (D)
  A yak (D)
  An ogre (D)
  A jelly (D)
  Ijyb (D)
5 creatures vanquished.

Notes
Turn   | Place    | Note
-------+----------+-------------------------------------------
     0 | D        | poirepourri the Gargoyle Earth Elementalist began the quest for the Orb.
     0 | D        | Reached XP level 1. HP: 10/10 MP: 3/3
     3 | D        | Noticed Ijyb
    20 | D        | Killed Ijyb
    20 | D        | Reached skill level 6 in Earth Magic
    20 | D        | Reached XP level 2. HP: 15/15 MP: 1/6
    61 | D        | Learned a level 2 spell: Passwall
    69 | D        | Noticed an ogre
    74 | D        | Killed an ogre
    74 | D        | Reached skill level 1 in Transmutations
    74 | D        | Reached skill level 9 in Earth Magic
    74 | D        | Reached XP level 3. HP: 10/19 MP: 2/8
    74 | D        | Reached XP level 4. HP: 13/24 MP: 2/10
   232 | D        | Noticed Sigmund
   268 | D        | Killed Sigmund
   268 | D        | Reached skill level 1 in Unarmed Combat
   268 | D        | Reached skill level 11 in Earth Magic
   268 | D        | Reached XP level 5. HP: 11/28 MP: 9/14
   268 | D        | Reached XP level 6. HP: 13/32 MP: 9/15
   483 | D        | Found a deep blue altar of Sif Muna.
   485 | D        | Found a radiant altar of Vehumet.
   491 | D        | Learned a level 3 spell: Stone Arrow
   648 | D        | Became a worshipper of Vehumet
   650 | D        | Found Oduxox's Antique Weapon Emporium.
   650 | D        | Found an ancient bone altar of Kikubaaqudgha.
   650 | D        | Found a hazy altar of Hepliaklqana.
   650 | D        | Found a stormy altar of Qazlal.
   650 | D        | Found a hide-covered altar of Uskayaw.
   650 | D        | Found a blossoming altar of Fedhas.
   650 | D        | Found a bloodstained altar of Trog.
   650 | D        | Found an iron altar of Okawaru.
   650 | D        | Found a basalt altar of Yredelemnul.
   650 | D        | Found a glowing golden altar of the Shining One.
   650 | D        | Found a snail-covered altar of Cheibriados.
   650 | D        | Found a sacrificial altar of Ru.
   650 | D        | Found a glowing silver altar of Zin.
   650 | D        | Found a shadowy altar of Dithmenos.
   650 | D        | Found a white marble altar of Elyvilon.
   650 | D        | Noticed a yak
   652 | D        | Killed a yak
   652 | D        | Reached skill level 12 in Earth Magic
   652 | D        | Reached XP level 7. HP: 37/37 MP: 14/18
   710 | D        | Found an opulent altar of Gozag.
   711 | D        | Found a sparkling altar of Nemelex Xobeh.
   722 | D        | Noticed Sonja
   964 | D        | Found Taaman Xyro's Food Boutique.
   972 | D        | Bought a meat ration for 55 gold pieces
   972 | D        | Bought a meat ration for 55 gold pieces
   972 | D        | Bought a meat ration for 55 gold pieces
   984 | D        | Noticed a deep troll
   987 | D        | Slain by a deep troll

Skill      XL: |  1  2  3  4  5  6 |
---------------+-------------------+-----
Spellcasting   | 3 4 6 7 |  7.9
Earth Magic    | 6 9 11 12 | 12.5
Dodging        | 2 3 4 |  4.0
Stealth        | 3 |  3.6
Transmutations | 1 |  1.0
Unarmed Combat | 1 |  1.1
Fighting       | |  0.9
Conjurations   | |  0.9

Action                   |  1- 3 |  4- 6 |  7- 9 || total
-------------------------+-------+-------+-------++-------
Melee: Unarmed           |     3 |       |     5 ||     8
 Cast: Sandblast         |    11 |     7 |     2 ||    20
       Stone Arrow       |       |     2 |     6 ||     8
  Use: Potion            |     3 |     1 |       ||     4
  Eat: Bread ration      |     1 |       |       ||     1
Armor: Robe              |     2 |     1 |     8 ||    11
Dodge: Dodged            |     8 |     8 |    10 ||    26
